 Dungeon Crawl Stone Soup version 0.29-a0-723-gce39da1c22 (webtiles) character file.

Game seed: 13268911010991110344

16 frimble the Shooter (level 2, 0/26 HPs)
             Began as a Minotaur Hunter on June 28, 2022.
             Slain by a gnoll
             ... wielding a +0 whip
              (5 damage)
             ... on level 1 of the Dungeon.
             The game lasted 00:00:37 (953 turns).

frimble the Shooter (Minotaur Hunter)                Turns: 953, Time: 00:00:38

Health: 0/26       AC:  3    Str: 15    XL:     2   Next: 41%
Magic:  1/1        EV: 12    Int:  6    God:
Gold:   28         SH:  0    Dex: 13    Spells: 1/1 levels left

rFire   . . .      SeeInvis .   d - +0 dagger
rCold   . . .      Faith    .   (no shield)
rNeg    . . .      Spirit   .   c - +0 leather armour
rPois   +          Reflect  .   (helmet restricted)
rElec   .          Harm     .   (no cloak)
rCorr   .          Rampage  .   (no gloves)
Will    .....                   (no boots)
Stlth   +.........              (no amulet)
HPRegen 0.08/turn               e - ring of poison resistance
MPRegen 0.07/turn               (no ring)

@: no status effects
A: horns 2, retaliatory headbutt
a: no special abilities


You were on level 1 of the Dungeon.
You visited 1 branch of the dungeon, and saw 1 of its levels.

You collected 28 gold pieces.

Inventory:

Hand Weapons
 a - a +0 shortbow
 d - a +0 dagger (weapon)
Armour
 c - a +0 leather armour (worn)
Jewellery
 e - a ring of poison resistance (left hand)
Scrolls
 b - a scroll of immolation
 g - a scroll of identify
 h - a scroll of enchant armour {unknown}
 i - a scroll of magic mapping {unknown}
Potions
 f - a potion of curing


   Skills:
 + Level 3.2 Fighting
 + Level 1.3 Short Blades
 - Level 4.4 Ranged Weapons
 - Level 2.2 Dodging
 - Level 0.8 Stealth


You had one spell level left.
You didn't know any spells.
Your spell library was empty.

Dungeon Overview and Level Annotations

Branches:
Dungeon (1/15)

Altars:


Innate Abilities, Weirdness & Mutations

You have a pair of horns on your head.
You reflexively headbutt those who attack you in melee.


Message History

No target in view!
No target in view!
No target in view!
No target in view!
Found 2 poisoned darts.
You see here a rat corpse.
h - a scroll labelled XIGU UMUSHRUOPH
Found a stone staircase leading down.
i - a scroll labelled BISOHO IMOME A gnoll comes into view.
It is wielding a +0 whip.
The gnoll shouts!
A gnoll is nearby!
A gnoll is nearby!
You barely miss the gnoll. The gnoll hits you with a +0 whip!
You are too injured to fight recklessly!
You are too injured to fight recklessly!
You are too injured to fight recklessly!
You are too injured to fight recklessly!
You are too injured to fight recklessly!
You are too injured to fight recklessly!
You hit the gnoll. You headbutt the gnoll.
The gnoll is heavily wounded.
The gnoll closely misses you.
You closely miss the gnoll. You punch the gnoll.
The gnoll is severely wounded.
The gnoll hits you but does no damage.
You hit the gnoll but do no damage.
The gnoll is severely wounded.
The gnoll hits you with a +0 whip!
You barely miss the gnoll.
The gnoll is severely wounded.
The gnoll barely misses you.
You hit the gnoll but do no damage. Your headbutt misses the gnoll.
The gnoll is severely wounded.
The gnoll hits you with a +0 whip.
* * * LOW HITPOINT WARNING * * *
You hit the gnoll. Your headbutt misses the gnoll.
The gnoll is severely wounded.
The gnoll hits you with a +0 whip.
You die...

###############
#.............##
#.######>....... #.#
#........ #######.#
#.##.....
#...g@..######+#......
#.#####.#.............
#.#.#.#........#
.#.#.#.#.......#
#.#.#.#........#
#.#.#.#########
#.#.#.# #.#†###
#.#.#..#


You could see a gnoll.

Vanquished Creatures
  2 endoplasms (D:1)
  3 hobgoblins (D:1)
  A quokka (D:1)
  5 goblins (D:1)
  A kobold (D:1)
  2 rats (D:1)
14 creatures vanquished.

Notes
Turn   | Place    | Note
-------+----------+-------------------------------------------
     0 | D:1      | frimble the Minotaur Hunter began the quest for the Orb.
     0 | D:1      | Reached XP level 1. HP: 18/18 MP: 0/0
   228 | D:1      | Found a faded altar of an unknown god.
   685 | D:1      | Reached XP level 2. HP: 20/26 MP: 1/1
   690 | D:1      | Reached skill level 1 in Short Blades
   953 | D:1      | Slain by a gnoll

Illustrated notes

Levels and vault maps discovered:
D:1:      dpeg_arrival_rooms_a, layout_basic, shapermc_ecumenical_altar_venn,
          moated_statue, minivault_23, solitary_fountain

Skill      XL: |  1  2 |
---------------+-------+-----
Fighting       | 3 |  3.2
Short Blades   | 1 |  1.3
Ranged Weapons | |  4.4
Dodging        | |  2.2
Stealth        | |  0.8

Action                   || total
-------------------------++-------
Melee: Dagger            ||    31
       Unarmed           ||    10
       Headbutt          ||    11
       Punch             ||     1
 Fire: Shortbow          ||     1
  Use: Scroll            ||     1
Armor: Leather armour    ||     3
Dodge: Dodged            ||    13

Table legend: (Time is in decaauts)
 A = Elapsed time spent in this place.
 B = Non-inter-level travel time spent in this place.
 C = Inter-level travel time spent in this place.
 D = Time resting spent in this place.
 E = Time spent auto-exploring this place.
 F = Levels seen in this place.
 G = Mean time per level.
                   A        B        C        D        E       F      G
               +--------+--------+--------+--------+--------+-----+--------+
         Total |    951 |    951 |      0 |      0 |    849 |   1 |  951.0 |
       Dungeon |    951 |    951 |      0 |      0 |    849 |   1 |  951.0 |
               +--------+--------+--------+--------+--------+-----+--------+

Top non-repeatable levels by time:
     D:1: 951 daAuts
